 Dungeon Crawl Stone Soup version 0.23-a0-130-g0e7800e (webtiles) character file.

2507 Ijustatesigmund the Cleaver (level 9, -1/66 HPs)
             Began as an Octopode Fighter on July 20, 2018.
             Was a Believer of Cheibriados.
             Succumbed to a killer bee's poison
             ... on level 7 of the Dungeon on Aug 27, 2018.
             The game lasted 00:14:42 (7884 turns).

Ijustatesigmund the Cleaver (Octopode Fighter)      Turns: 7884, Time: 00:14:44

Health: -1/66      AC:  1    Str: 19 (21) XL:     9   Next: 53%
Magic:  13/13      EV: 19    Int: 12 (15) God:    Cheibriados [**....]
Gold:   355        SH: 14    Dex: 21 (23) Spells: 8/8 levels left

rFire    . . .     SeeInvis .   a - +0 war axe
rCold    . . .     Gourm    .   b - +0 shield
rNeg     . . .     Faith    .   (helmet restricted)
rPois    .         Spirit   .   p - amulet of magic regeneration
rElec    .         Reflect  .   (no ring)
rCorr    .         Harm     .   (no ring)
MR       .....                  (no ring)
Stlth    ++++......             (no ring)
HPRegen  0.21/turn              (no ring)
MPRegen  0.38/turn              (no ring)
                                (no ring)
                                (no ring)

@: agile, lethally poisoned (-1 -> -10), very slow
A: almost no armour, stealthy swim, amphibious, 8 rings, constrict 8, large bone
plates 1, camouflage 1, strong 1, gelatinous body 1
a: Bend Time, Renounce Religion


You were on level 7 of the Dungeon.
You worshipped Cheibriados.
Cheibriados was pleased with you.
You were not hungry.

You visited 2 branches of the dungeon, and saw 8 of its levels.

You collected 355 gold pieces.

Inventory:

Hand Weapons
 a - a +0 war axe (weapon)
Missiles
 u - 3 javelins (quivered)
Armour
 b - a +0 shield (worn)
Jewellery
 g - an uncursed ring of fire
 p - an amulet of magic regeneration (around mantle)
Wands
 s - a wand of digging (15)
Scrolls
 e - 2 scrolls of blinking
 j - 5 scrolls of remove curse
 k - 2 scrolls of magic mapping
 q - a scroll of teleportation
 r - 3 scrolls of immolation
 t - 3 scrolls of identify
Potions
 c - 3 potions of flight
 f - a potion of invisibility
 l - a potion of agility
Comestibles
 d - 5 rations


   Skills:
 + Level 7.9 Fighting
 + Level 8.3 Axes
 - Level 4.0 Dodging
 - Level 4.0 Shields
 + Level 5.3 Invocations


You had 8 spell levels left.
You didn't know any spells.
Your spell library was empty.

Dungeon Overview and Level Annotations

Branches:
Dungeon (7/15)             Temple (1/1) D:5

Altars:
Ashenzari
Cheibriados
Dithmenos
Elyvilon
Gozag
Hepliaklqana
Kikubaaqudgha
Makhleb
Nemelex Xobeh
Okawaru
Qazlal
Ru
Sif Muna
Trog
Uskayaw
Vehumet
Wu Jian
Xom
Yredelemnul
Zin
The Shining One


Innate Abilities, Weirdness & Mutations

You cannot wear most types of armour.
You are very stealthy in the water. (Stealth+)
You are amphibious.
You can wear up to eight rings at the same time.
You can use your tentacles to constrict eight enemies at once.
Your skin changes colour to match your surroundings (Stealth+).
Your rubbery body absorbs attacks. (AC +1, EV +1)
You are partially covered in large bone plates. (SH +4)
Your muscles are strong. (Str +2)


Message History

The killer bee poisons you!
As you read the scroll of fear, it crumbles to dust.
You assume a fearsome visage.
The killer bee looks frightened!
* * * LOW HITPOINT WARNING * * *
You feel sick.
* * * LOW HITPOINT WARNING * * *
You feel sick.
* * * LOW HITPOINT WARNING * * *
You feel sick.
Cornered, the killer bee turns to fight!
* * * LOW HITPOINT WARNING * * *
You feel sick.
You feel extremely strange.
Your tentacle spike disappears.
The antennae on your head shrink away.
Your system partially rejects the healing effects of potions.
Your system completely accepts the healing effects of potions.
You feel stronger.
* * * LOW HITPOINT WARNING * * *
You feel sick.
You die...

#.#######.#.#.#
#.#.......#.#..
#.#.#####)#.#..
#.#.......#.#..
#.#####..)..#..
#.#....<....#..
#######.#.#####..##..
#.........#<..)......
#...@.....#....#####.
#.........'....+.....
#.#########....######
#.# ###### # #†# #
#.# #.# ##.##########
#y...y.......


There were no monsters in sight!

Vanquished Creatures
  Prince Ribbit (D:6)
  Sigmund (D:3)
  An orc warrior (D:6)
  2 ice beasts
  A necrophage (D:6)
  A phantom (D:6)
  3 ogres
  A centaur (D:6)
  A gnoll sergeant (D:5)
  A wyvern zombie (D:6)
  2 scorpions
  4 killer bees (D:7)
  4 wights (D:6)
  A howler monkey (D:4)
  A crimson imp (D:5)
  5 hounds
  A jelly (D:5)
  3 orc priests
  A bullfrog skeleton (D:4)
  An iguana (D:3)
  5 orc wizards
  5 worker ants
  A howler monkey zombie (D:6)
  A howler monkey skeleton (D:4)
  3 gnolls (D:5)
  2 adders
  3 oozes
  2 adder skeletons
  5 leopard geckos
  16 orcs
  6 giant cockroaches
  9 goblins
  8 hobgoblins
  10 kobolds
  5 quokkas
  A ball python (D:5)
  6 bats
  5 frilled lizards
  2 leopard gecko skeletons
  2 rats (D:2)
133 creatures vanquished.

Notes
Turn   | Place    | Note
-------+----------+-------------------------------------------
     0 | D:1      | Ijustatesigmund the Octopode Fighter began the quest for
                  | the Orb.
     0 | D:1      | Reached XP level 1. HP: 16/16 MP: 1/1
   617 | D:1      | Reached XP level 2. HP: 17/21 MP: 2/2
  1130 | D:1      | Reached skill level 3 in Axes
  1130 | D:1      | Reached XP level 3. HP: 14/26 MP: 3/3
  1970 | D:2      | Found a sparkling altar of Nemelex Xobeh.
  1971 | D:2      | Found a shadowy altar of Dithmenos.
  2297 | D:3      | Reached XP level 4. HP: 29/32 MP: 4/4
  2655 | D:3      | Noticed Sigmund
  2660 | D:3      | Killed Sigmund
  2660 | D:3      | Reached skill level 5 in Axes
  2660 | D:3      | Reached XP level 5. HP: 33/38 MP: 5/5
  2660 | D:3      | Reached XP level 6. HP: 38/44 MP: 6/6
  3309 | D:4      | Noticed a sky beast
  3407 | D:5      | Entered Level 5 of the Dungeon
  3410 | D:5      | Gained mutation: One of your tentacles bears a spike.
                  | [potion of mutation]
  3410 | D:5      | Gained mutation: You have a pair of small antennae on your
                  | head. [potion of mutation]
  3410 | D:5      | Gained mutation: You are partially covered in large bone
                  | plates. (SH +4) [potion of mutation]
  3416 | D:5      | Reached XP level 7. HP: 23/49 MP: 7/7
  4161 | D:4      | Reached skill level 5 in Fighting
  4790 | D:4      | Upgraded the game from 0.22-a0-782-g038298e to
                  | 0.23-a0-130-g0e7800e
  5161 | D:5      | Reached skill level 6 in Axes
  5382 | D:5      | Reached XP level 8. HP: 50/57 MP: 8/8
  5426 | D:5      | Found a staircase to the Ecumenical Temple.
  5790 | Temple   | Entered the Ecumenical Temple
  5937 | Temple   | Became a worshipper of Cheibriados the Contemplative
  6033 | D:6      | Reached skill level 1 in Invocations
  6090 | D:6      | Noticed Prince Ribbit
  6097 | D:6      | Killed Prince Ribbit
  6108 | D:6      | Reached skill level 7 in Axes
  6509 | D:6      | Reached XP level 9. HP: 62/64 MP: 11/11
  6517 | D:6      | Reached * piety under Cheibriados
  6701 | D:6      | Reached skill level 8 in Axes
  7671 | D:7      | Reached skill level 5 in Invocations
  7864 | D:7      | Reached ** piety under Cheibriados
  7881 | D:7      | HP: 3/66 [poisoned by a killer bee]
  7883 | D:7      | Lost mutation: One of your tentacles bears a spike. [potion
                  | of mutation]
  7883 | D:7      | Lost mutation: You have a pair of small antennae on your
                  | head. [potion of mutation]
  7883 | D:7      | Gained mutation: Potions are less effective at restoring
                  | your health. [potion of mutation]
  7883 | D:7      | Lost mutation: Potions are less effective at restoring your
                  | health. [potion of mutation]
  7883 | D:7      | Gained mutation: Your muscles are strong. (Str +2) [potion
                  | of mutation]
  7883 | D:7      | HP: 1/66 [poisoned by a killer bee]
  7884 | D:7      | Succumbed to a killer bee's poison

Vault maps used:
D:1:      nagdon_arrival_double_spiral
D:2:      overflow_temple_1_default, nemelex_xobeh_ov_fountains_minmay
D:3:      serial_bayou_ford_a, uniq_sigmund
D:5:      minmay_temple_entry_nine_rooms, first_ration
D:6:      uniq_prince_ribbit1
Temple:   regret_index_temple_chain_breaker

Skill      XL: |  1  2  3  4  5  6  7  8  9 |
---------------+----------------------------+-----
Axes           | 3 5 6 7 8 |  8.3
Fighting       | 4 5 7 |  7.9
Dodging        | 4 |  4.0
Shields        | 4 |  4.0
Invocations    | 3 5 |  5.3

Action                   |  1- 3 |  4- 6 |  7- 9 || total
-------------------------+-------+-------+-------++-------
Melee: War axe           |    82 |    51 |   189 ||   322
       Constrict         |    16 |    12 |    42 ||    70
       Tentacles         |     6 |    11 |    36 ||    53
       Kick              |       |     2 |    64 ||    66
Evoke: Wand              |       |       |     7 ||     7
  Use: Scroll            |     8 |     2 |     4 ||    14
       Potion            |       |     5 |     4 ||     9
 Stab: Sleeping          |    10 |     6 |    11 ||    27
       Distracted        |       |       |     2 ||     2
  Eat: Chunk             |     4 |     4 |     5 ||    13
       Ration            |       |       |     2 ||     2
Armor: Skin              |     2 |     3 |     3 ||     8
Dodge: Dodged            |    31 |    17 |    73 ||   121
Block: Shield            |    38 |    16 |   113 ||   167

Table legend:
 A = Non-vault XP
 B = Vault XP
 C = Vault XP percentage of total XP
 D = Non-vault monster count
 E = Vault monster count
 F = Vault count percentage of total count
                 A         B        C        D         E       F
            +---------+---------+-------+---------+---------+-------
      Total |    3314 |     268 |   7.5 |     132 |       1 |   0.8
            +---------+---------+-------+---------+---------+-------
        D:1 |      35 |       0 |   0.0 |      15 |       0 |   0.0
        D:2 |      41 |       0 |   0.0 |      18 |       0 |   0.0
        D:3 |     291 |       0 |   0.0 |      16 |       0 |   0.0
        D:4 |     437 |       0 |   0.0 |      24 |       0 |   0.0
        D:5 |     548 |       0 |   0.0 |      17 |       0 |   0.0
        D:6 |    1604 |     268 |  14.3 |      29 |       1 |   3.3
        D:7 |     358 |       0 |   0.0 |      13 |       0 |   0.0
            +---------+---------+-------+---------+---------+-------
